 Dungeon Crawl Stone Soup version 0.24-a0-489-g1c7b743 (webtiles) character file.

Game seed: 12404091717180623305

84 KLOOPS the Magician (level 4, -2/33 HPs)
             Began as a Draconian Conjurer on July 12, 2019.
             Killed from afar by an orc wizard (10 damage)
             ... with a puff of frost
             ... on level 3 of the Dungeon.
             The game lasted 00:14:57 (3228 turns).

KLOOPS the Magician (Draconian Conjurer)            Turns: 3228, Time: 00:14:57

Health: -2/33      AC:  5    Str: 10    XL:     4   Next: 24%
Magic:  1/10       EV: 12    Int: 17    God:
Gold:   99         SH:  0    Dex: 11    Spells: 0/11 levels left

rFire    . . .     SeeInvis .   a - +0 dagger
rCold    . . .     Gourm    .   (no shield)
rNeg     . . .     Faith    .   (armour unavailable)
rPois    .         Spirit   .   (helmet restricted)
rElec    .         Reflect  .   (no cloak)
rCorr    .         Harm     .   (no gloves)
MR       .....                  (no boots)
Stlth    ++........             (no amulet)
HPRegen  0.11/turn              (no ring)
MPRegen  0.12/turn              (no ring)

@: no status effects
A: unfitting armour, cold-blooded, AC +5
a: no special abilities


You were on level 3 of the Dungeon.
You were hungry.

You visited 1 branch of the dungeon, and saw 3 of its levels.

You collected 99 gold pieces.

Inventory:

Hand Weapons
 a - a +0 dagger (weapon)
 b - a +0 short sword
 l - a +0 hunting sling
Missiles
 d - 95 stones (quivered)
 h - 17 sling bullets
 m - 13 bolts
Scrolls
 c - a scroll of amnesia {unknown}
 e - a scroll of blinking {unknown}
 g - 7 scrolls of identify {unknown}
 i - a scroll of noise {unknown}
Potions
 f - a potion of agility {unknown}
Comestibles
 j - 6 rations


   Skills:
 - Level 1.7 Dodging
 - Level 1.7 Stealth
 * Level 4.2 Spellcasting
 - Level 4.0 Conjurations


You couldn't memorise any spells.
You knew the following spells:

 Your Spells              Type           Power        Failure   Level  Hunger
a - Magic Dart            Conj           ###.         3%          1    None
b - Searing Ray           Conj           ###...       4%          2    ##.....
c - Iskenderun's Mystic   Conj           ###.....     30%         4    ####...
d - Fulminant Prism       Conj/Hex       ##........   56%         4    ####...

Your spell library contained the following spells:

 Spells                   Type           Power        Failure   Level  Hunger
 Dazzling Spray           Conj/Hex       ##....       21%         3    ###....
 Force Lance              Conj/Tloc      ##......     56%         4    ####...


Dungeon Overview and Level Annotations

Branches:
Dungeon (3/15)

Altars:
Zin


Innate Abilities, Weirdness & Mutations

Your plain brown scales are hard. (AC +5)
You cannot fit into any form of body armour.
You are cold-blooded and may be slowed by cold attacks.


Message History

Aiming: Magic Dart (safe; 3% risk of failure)
Press: ? - help, Shift-Dir - straight line, f/p - orc wizard
Aim: an orc wizard, wielding a +0 dagger and wearing a +0 robe (severely wounded, fast)
The magic dart hits the orc wizard.
The orc wizard is severely wounded.
The orc wizard gestures at you while chanting.
The puff of flame hits you.
You barely miss the orc wizard.
The orc wizard is severely wounded.
The orc wizard casts a spell.
The orc wizard flickers and vanishes!
Deactivating autopickup; reactivate with Ctrl-A.
Something hits you.
* * * LOW HITPOINT WARNING * * *
You miss something. Something hits you but does no damage.
You hear some strange, mumbled words.
A puff of frost appears from out of thin air!
The puff of frost hits you!
You die...

#.......#.
#.........
#......##.
#.......#.
.....#. .....
#####..#####
.........{.#
##########@#
#.# #.# #.#
############.#
#............#
#.############
#.# #.#


There were no monsters in sight!

Vanquished Creatures
  An adder (D:2)
  An ooze (D:2)
  2 worms (D:2)
  2 dart slugs (D:1)
  3 leopard geckos
  4 orcs
  5 goblins
  8 hobgoblins (D:1)
  3 jackals (D:1)
  8 bats
  4 frilled lizards
  6 kobolds
  8 rats
55 creatures vanquished.

Vanquished Creatures (others)
  A fulminant prism (D:3)
1 creature vanquished.

Grand Total: 56 creatures vanquished

Notes
Turn   | Place    | Note
-------+----------+-------------------------------------------
     0 | D:1      | KLOOPS the Draconian Conjurer began the quest for the Orb.
     0 | D:1      | Reached XP level 1. HP: 14/14 MP: 3/3
   448 | D:1      | Reached XP level 2. HP: 9/20 MP: 0/5
   620 | D:1      | Learned a level 2 spell: Searing Ray
  1378 | D:1      | Reached XP level 3. HP: 26/26 MP: 4/7
  2752 | D:2      | Found a glowing silver altar of Zin.
  2826 | D:2      | Reached XP level 4. HP: 33/33 MP: 6/10
  2838 | D:2      | Learned a level 4 spell: Iskenderun's Mystic Blast
  2843 | D:2      | Learned a level 4 spell: Fulminant Prism
  3228 | D:3      | Killed from afar by an orc wizard

Levels and vault maps discovered:
D:1:      nzn_arrival_settlement, layout_basic, chequers_serial_rivers_large_a,
          minmay_distorted
D:2:      layout_basic, marbit_many_paths
D:3:      layout_basic, chequers_temple_overflow_statue_of_worship,
          makhleb_blood_cavern_becter

Skill      XL: |  1  2  3 |
---------------+----------+-----
Spellcasting   | 3 4 |  4.2
Dodging        | |  1.7
Stealth        | |  1.7
Conjurations   | |  4.0

Action                   |  1- 3 |  4- 6 || total
-------------------------+-------+-------++-------
Melee: Unarmed           |    16 |       ||    16
       Tailslap          |     4 |     1 ||     5
       Club              |    15 |       ||    15
       Dagger            |     3 |     8 ||    11
       Short sword       |     3 |       ||     3
 Cast: Magic Dart        |    83 |    11 ||    94
       Searing Ray       |     6 |     1 ||     7
       Fulminant Prism   |       |     1 ||     1
  Eat: Chunk             |     6 |     1 ||     7
Armor: Skin              |    22 |     5 ||    27
Dodge: Dodged            |    40 |     6 ||    46

Table legend:
 A = Non-vault XP
 B = Vault XP
 C = Vault XP percentage of total XP
 D = Non-vault monster count
 E = Vault monster count
 F = Vault count percentage of total count
                 A         B        C        D         E       F
            +---------+---------+-------+---------+---------+-------
      Total |     111 |      10 |   8.3 |      51 |       4 |   7.3
            +---------+---------+-------+---------+---------+-------
        D:1 |      57 |       5 |   8.1 |      32 |       3 |   8.6
        D:2 |      44 |       5 |  10.2 |      15 |       1 |   6.2
        D:3 |      10 |       0 |   0.0 |       4 |       0 |   0.0
            +---------+---------+-------+---------+---------+-------
